 Dungeon Crawl Stone Soup version 0.21-a0-352-g5b8f553 (webtiles) character file.

5 tidbits the Skirmisher (level 1, 13/20 HPs)
             Began as a Gnoll Wanderer on Oct 10, 2017.
             Quit the game on level 2 of the Dungeon.
             The game lasted 00:00:39 (92 turns).

tidbits the Skirmisher (Gnoll Wanderer)               Turns: 92, Time: 00:00:40

Health: 13/20      AC:  4    Str: 13    XL:     1   Next: 80%
Magic:  4/4        EV: 11    Int: 19    God:
Gold:   54         SH:  0    Dex: 10    Spells: 5/5 levels left

rFire    + . .     SeeInvis .   b - +0 shortbow
rCold    + . .     Gourm    .   (shield currently unavailable)
rNeg     . . .     Faith    .   B - +2 robe {rC+ rF+}
rPois    .         Spirit   .   (no helmet)
rElec    .         Reflect  .   (no cloak)
rCorr    .         Harm     .   (no gloves)
MR       .....                  (no boots)
Stlth    +.........             (no amulet)
HPRegen  0.06/turn              (no ring)
MPRegen  0.09/turn              (no ring)

@: no status effects
A: distributed training, fangs 1, strong nose
a: no special abilities


You were on level 2 of the Dungeon.
You were not hungry.

You visited 1 branch of the dungeon, and saw 2 of its levels.

You collected 54 gold pieces.

Inventory:

Hand Weapons
 b - a +0 shortbow (weapon)
Missiles
 c - 17 arrows (quivered)
Armour
 e - a +0 robe
 B - a +2 robe of resistance (worn)
   (You found it on level 1 of the Dungeon)
Wands
 a - a wand of flame (15/48)
Scrolls
 g - a scroll of random uselessness {unknown}
 h - a scroll of enchant weapon {unknown}
Potions
 d - a potion of lignification
 i - 2 potions of heal wounds {unknown}
Comestibles
 f - a bread ration


   Skills:
 + Level 4.4 Fighting
 + Level 0.1 Short Blades
 + Level 0.1 Long Blades
 + Level 0.1 Axes
 + Level 0.1 Maces & Flails
 + Level 0.1 Polearms
 + Level 0.1 Staves
 + Level 0.1 Slings
 + Level 2.4 Bows
 + Level 0.1 Crossbows
 + Level 2.4 Throwing
 + Level 4.4 Armour
 + Level 0.1 Dodging
 + Level 0.1 Stealth
 + Level 0.1 Shields
 + Level 0.1 Unarmed Combat
 + Level 2.6 Spellcasting
 + Level 0.1 Conjurations
 + Level 0.1 Hexes
 + Level 0.1 Charms
 + Level 0.1 Summonings
 + Level 0.1 Necromancy
 + Level 0.1 Translocations
 + Level 0.1 Transmutations
 + Level 2.4 Fire Magic
 + Level 2.4 Ice Magic
 + Level 0.1 Air Magic
 + Level 0.1 Earth Magic
 + Level 0.1 Poison Magic
 + Level 0.1 Invocations
 + Level 2.4 Evocations


You had 5 spell levels left.
You didn't know any spells.

Dungeon Overview and Level Annotations

Branches:
Dungeon (2/15)

Altars:


Innate Abilities, Weirdness & Mutations

Your experience applies equally to all skills.
You have very sharp teeth.
Your uncanny sense of smell can sniff out nearby items.


Message History

You shoot an arrow. The arrow hits the rat!
You kill the rat!
h - a scroll labeled COENAWAPPYSK
Found an embroidered robe.
c - 24 arrows (gained 3)
You see here a rat corpse.
Found 2 black potions.
You now have 17 gold pieces.
You now have 28 gold pieces (gained 11).
You now have 43 gold pieces (gained 15).
You see here an embroidered robe.
i - an embroidered robe Wear which item? (? for menu, Esc to quit)
You start removing your armour.
You continue taking off your +0 robe.
HP restored.
You continue taking off your +0 robe. x3
You finish taking off your +0 robe.
You start putting on your armour.
You continue putting on your embroidered robe. x5
You finish putting on your +2 robe of resistance.
You feel resistant to extremes of temperature.
Adjust (i)tems, (s)pells, or (a)bilities?
Adjust which item? (? for menu, Esc to quit)
i - a +2 robe of resistance (worn)
Adjust to which letter? (? for menu, Esc to quit)
B - a +2 robe of resistance (worn)
i - 2 black potions
Found a stone staircase leading down.
Found 7 gold pieces.
Found an escape hatch in the floor.
There is an escape hatch in the floor here.
You now have 50 gold pieces (gained 7).
There is an escape hatch in the floor here.
There is a stone staircase leading down here.
You climb downwards.
A kobold comes into view. It is wielding a club.
Found 4 gold pieces.
There is a stone staircase leading up here.
Firing (i - inventory):
c - 24 arrows (quivered)
Press: ? - help, Shift-Dir - straight line, f - kobold
Aim: a kobold, wielding a club (resting)
You shoot an arrow. The arrow hits the kobold.
You kill the kobold!
You now have 54 gold pieces (gained 4).
There is a stone staircase leading up here.
A giant cockroach comes into view.
The giant cockroach moves out of view.
Things that are here:
a club; a kobold corpse Firing (i - inventory):
c - 23 arrows (quivered)
Press: ? - help, Shift-Dir - straight line, f - giant cockroach
Aim: a giant cockroach You shoot an arrow.
The arrow hits the giant cockroach!
You kill the giant cockroach!
A bat comes into view.
You see here an arrow.
c - 23 arrows (gained 1) Firing (i - inventory):
c - 23 arrows (quivered)
Press: ? - help, Shift-Dir - straight line, f - bat
Aim: a bat (resting)
You shoot an arrow. The arrow hits the bat.
You kill the bat!
A rat comes into view.
c - 23 arrows (gained 1)
Found a scroll labeled BED YBRIAGECS.
A goblin comes into view.
It is wielding a dagger of electrocution.
The goblin shouts!
A leopard gecko comes into view.
An adder comes into view.
The adder hisses angrily.
Firing (i - inventory):
c - 23 arrows (quivered)
Press: ? - help, Shift-Dir - straight line, f - goblin
Aim: a goblin, wielding a dagger of electrocution You shoot an arrow.
The arrow completely misses the goblin.
Firing (i - inventory):
c - 22 arrows (quivered)
Press: ? - help, Shift-Dir - straight line, f/p - goblin
Aim: a goblin, wielding a dagger of electrocution You shoot an arrow.
The arrow hits the goblin!
You kill the goblin!
Firing (i - inventory):
c - 21 arrows (quivered)
Press: ? - help, Shift-Dir - straight line, f - rat
Aim: a rat You shoot an arrow.
The arrow barely misses the rat.
Firing (i - inventory):
c - 20 arrows (quivered)
Press: ? - help, Shift-Dir - straight line, f - adder, p - rat
Aim: an adder You shoot an arrow.
The arrow completely misses the adder.
The leopard gecko closely misses you. The adder bites you but does no damage.
The rat closely misses you.
Firing (i - inventory):
c - 19 arrows (quivered)
Press: ? - help, Shift-Dir - straight line, f/p - adder
Aim: an adder You shoot an arrow.
The arrow closely misses the adder.
The adder misses you. The leopard gecko bites you. The rat barely misses you.
The adder bites you but does no damage. The leopard gecko misses you.
Firing (i - inventory):
c - 18 arrows (quivered)
Press: ? - help, Shift-Dir - straight line, f/p - adder
Aim: an adder You shoot an arrow.
The arrow closely misses the adder.
The rat bites you. The adder closely misses you.
The leopard gecko barely misses you.
Are you sure you want to abandon this character and quit the game? (Confirm with "yes".)

......#######. #
.....<...........#......
......####..#...........
.........#..............
......##.#......P..P....
.....)..............?...
......##.#.#..P.(....P..
########.#......rl......
#........@S(.....
######......P......P..
#.....................
#.###.........P..P...#
#................#
#..................
...##...####........
.### #..## #.#...... #
...#


You could see an adder, a leopard gecko and a rat.

Vanquished Creatures
  A bat (D:2)
  A giant cockroach (D:2)
  A goblin (D:2)
  A kobold (D:2)
  A rat (D:1)
5 creatures vanquished.

Notes
Turn   | Place    | Note
-------+----------+-------------------------------------------
     0 | D:1      | tidbits the Gnoll Wanderer began the quest for the Orb.
     0 | D:1      | tidbits set off with: a wand of flame (15/48), a +0 shortbow, 25 arrows, a potion of lignification, a +0 robe, a bread ration
     0 | D:1      | Reached XP level 1. HP: 20/20 MP: 4/4
    92 | D:2      | Quit the game

Vault maps used:
D:1:      ncdulo_lavacross, minmay_small_reverse_x
D:2:      lemuel_doored_altar, minivault_4, minmay_misc_feat_plants

Action                   || total
-------------------------++-------
 Fire: Shortbow          ||    13
Armor: Robe              ||     3
Dodge: Dodged            ||     8

Table legend:
 A = Spawn XP
 B = Non-spawn XP
 C = Spawn XP percentage of total XP
 D = Spawn monster count
 E = Non-spawn monster count
 F = Spawn count percentage of total count
 G = Total turns spent on level
                    A         B        C        D         E        F      G
               +---------+---------+-------+---------+---------+-------+---------
         Total |       0 |       8 |   0.0 |       0 |       5 |   0.0 |    92
               +---------+---------+-------+---------+---------+-------+---------
           D:1 |       0 |       1 |   0.0 |       0 |       1 |   0.0 |    58
           D:2 |       0 |       7 |   0.0 |       0 |       4 |   0.0 |    34
               +---------+---------+-------+---------+---------+-------+---------

Table legend:
 A = Turns spent in this place as a percentage of turns spent in the entire game.
 B = Non-inter-level travel turns spent in this place as a percentage of non-inter-level travel turns spent in the entire game.
 C = Inter-level travel turns spent in this place as a percentage of turns spent in this place.
 D = Turns resting spent in this place as a percentage of non-inter-level travel turns spent in this place.
 E = Turns spent auto-exploring this place as a percentage of non-inter-level travel turns spent in this place.
 F = Non-inter-level travel turns spent in this place divided by the number of levels of this place that you've seen.
                   A       B       C       D       E      F
               +-------+-------+-------+-------+-------+----------------------
         Total | 100.0 | 100.0 |   0.0 |   0.0 |   0.0 |  46.0
       Dungeon | 100.0 | 100.0 |   0.0 |   0.0 |   0.0 |  46.0
               +-------+-------+-------+-------+-------+----------------------

Table legend:
 A = Kills in this place as a percentage of kills in entire the game.
 B = Kills by you in this place as a percentage of kills by you in the entire game.
 C = Kills by friends in this place as a percentage of kills by friends in the entire game.
 D = Other kills in this place as a percentage of other kills in the entire game.
 E = Experience gained in this place as a percentage of experience gained in the entire game.
 F = Experience gained in this place divided by the number of levels of this place that you have seen.
                   A       B       C       D       E      F
               +-------+-------+-------+-------+-------+----------------------
         Total | 100.0 | 100.0 |   N/A |   N/A | 100.0 |   4.0
       Dungeon | 100.0 | 100.0 |   N/A |   N/A | 100.0 |   4.0
               +-------+-------+-------+-------+-------+----------------------

Vault maps used:
D:1:      ncdulo_lavacross, minmay_small_reverse_x
D:2:      lemuel_doored_altar, minivault_4, minmay_misc_feat_plants
